 Dungeon Crawl Stone Soup version 0.31-a0-662-g684573625c (webtiles) character file.

Game seed: 4947577769728521030

182 Rudyous the Conjurer (level 5, -1/38 HPs)
             Began as a Demonspawn Conjurer on Sept 2, 2023.
             Slain by a +2 quarterstaff of speed (8 damage)
             ... created by the rancor of the Wu Jian Council
             ... on level 4 of the Dungeon.
             The game lasted 00:09:44 (4302 turns).

Rudyous the Conjurer (Demonspawn Conjurer)          Turns: 4302, Time: 00:09:45

Health: -1/38      AC:  3    Str:  8    XL:     5   Next: 34%
Magic:  9/9        EV: 15    Int: 21    God:
Gold:   211        SH:  0    Dex: 11    Spells: 7/10 levels left

rFire   . . .        d - +0 short sword
rCold   . . .        (no shield)
rNeg    . . .        a - +0 robe
rPois   .            (no helmet)
rElec   .            (no cloak)
rCorr   .            i - +0 pair of gloves
SInv    .            (no boots)
Will    .....        (no amulet)
Stlth   +            (no ring)
HPRegen 0.26/turn    (no ring)
MPRegen 0.11/turn

%: no passive effects
@: confused
A: claws 1, repulsion field 2
a: no special abilities


You were on level 4 of the Dungeon.
You visited 1 branch of the dungeon, and saw 4 of its levels.

You collected 211 gold pieces.

Inventory:

Hand Weapons
 d - a +0 short sword (weapon)
Armour
 a - a +0 robe (worn)
 i - a +0 pair of gloves (worn)
Jewellery
 f - a ring of fire
Scrolls
 k - 2 scrolls of teleportation {unknown}
 l - a scroll of blinking {unknown}
 m - a scroll of vulnerability {unknown}
 o - 2 scrolls of identify {unknown}
 p - a scroll of butterflies {unknown}
 q - a scroll of fear {unknown}
Potions
 b - a potion of magic
 c - 2 potions of invisibility {unknown}
 e - 3 potions of heal wounds {unknown}
 g - a potion of mutation {unknown}
 h - 4 potions of curing {unknown}
 j - 2 potions of attraction {unknown}
 n - a potion of resistance {unknown}


   Skills:
 + Level 2.1 Fighting
 + Level 2.3 Dodging
 - Level 3.0 Stealth
 + Level 3.0 Spellcasting
 + Level 4.7 Conjurations


You had 7 spell levels left.
You knew the following spells:

 Your Spells              Type           Power      Damage    Failure   Level
a - Magic Dart            Conj           92%        1d7       1%          1
b - Searing Ray           Conj           46%        2d6       3%          2

Your spell library contained the following spells:

 Spells                   Type           Power      Damage    Failure   Level
 Dazzling Flash           Conj/Hex       26%        N/A       16%         3
 Blink                    Tloc           6%         N/A       21%         2
 Ozocubu's Armour         Ice            3%         N/A       36%         3
 Portal Projectile        Hex/Tloc       6%         N/A       36%         3
 Tukima's Dance           Hex            3%         N/A       36%         3
 Fulminant Prism          Conj/Hex       6%         3d7       45%         4
 Iskenderun's Mystic Bla  Conj/Tloc      13%        2d5       45%         4
 Manifold Assault         Tloc           3%         N/A       78%         4
 Metabolic Englaciation   Hex/Ice        1%         N/A       98%         5
 Simulacrum               Ice/Necr       1%         N/A       100%        6


Dungeon Overview and Level Annotations

Branches:
Dungeon (4/15) Zot: 19692
 Temple: D:4-7

Altars:
Dithmenos
Fedhas
Wu Jian

Shops:
D:1 :

Annotations:
D:3 2 transporters


Innate Abilities, Weirdness & Mutations

You have sharp fingernails.
You are surrounded by a moderate repulsion field. (EV +3)


Message History

The ball python constricts you.
You completely miss the ball python. The ball python barely misses you.
The ball python constricts you.
You hit the ball python.
The ball python is moderately wounded.
The ball python closely misses you. The ball python constricts you.
The ball python closely misses you. The ball python constricts you.
You hit the ball python.
You kill the ball python!
Found 17 gold pieces and a fuming yellow potion.
You see here a ball python corpse.
You start resting.
HP restored.
You start resting.
Magic restored.
Found 19 gold pieces and a flux talisman.
Found a spear.
Found 17 gold pieces.
You now have 194 gold pieces (gained 19).
You now have 211 gold pieces (gained 17).
You pick up an Inescapable Atlas and begin reading...
You add the spells Blink and Manifold Assault to your library.
h - 4 smoky ruby potions (gained 1) Sifu Xiang Ba whispers: Nowhere to run...
The divine experience confuses you!
You are confused.
A +1 great sword of flaming, a +2 quarterstaff of speed and a +2 dire flail of electrocution come into view.
You're too confused to cast spells.
You're too confused to cast spells.
Sorry, you're not good enough to have a special ability.
You're too confused to move!
The +2 quarterstaff of speed closely misses you.
The +2 dire flail of electrocution hits you!
You are electrocuted!
You bump into the rock wall.
You feel yourself speed up. The +2 quarterstaff of speed hits you!
* * * LOW HITPOINT WARNING * * *
The +2 dire flail of electrocution closely misses you.
The +2 quarterstaff of speed hits you!
You die...

##........
#.........
#.#..#####
######.#..#%!$#
######.........#$$!#
#..............#$$?#
#..............#####
#..((....###........
#.(@.....# #........
########## #........
#........ #........
#........ #........
#........ ######...
#...


You could see 3 dancing weapons.

Vanquished Creatures
  6 dancing weapons (D:3)
  An iguana (D:3)
  3 gnolls (D:2)
  5 adders
  A worm (D:3)
  5 dart slugs
  10 ball pythons
  7 endoplasms
  4 giant cockroaches
  4 goblins
  5 hobgoblins
  6 jackals
  3 quokkas
  2 bats (D:1)
  6 frilled lizards
  2 kobolds
  6 rats
76 creatures vanquished.

Notes
Turn   | Place    | Note
-------+----------+-------------------------------------------
     0 | D:1      | Rudyous the Demonspawn Conjurer began the quest for the
                  | Orb.
     0 | D:1      | Reached XP level 1. HP: 13/13 MP: 3/3
   277 | D:1      | Found Zic Zudi's Vocational Training.
   344 | D:1      | Gained mutation: You are surrounded by a mild repulsion
                  | field. (EV +2) [demonic ancestry]
   344 | D:1      | Reached XP level 2. HP: 12/20 MP: 0/5
   972 | D:1      | Reached skill level 1 in Fighting
  1247 | D:2      | Reached XP level 3. HP: 26/26 MP: 4/6
  1767 | D:2      | Learned a level 2 spell: Searing Ray
  1793 | D:2      | Gained mutation: You have sharp fingernails. [demonic
                  | ancestry]
  1793 | D:2      | Reached XP level 4. HP: 30/32 MP: 0/7
  2134 | D:2      | Found a blossoming altar of Fedhas.
  2428 | D:2      | Found a faded altar of an unknown god.
  2494 | D:2      | Prayed at the altar of an unknown god.
  2494 | D:2      | Became a worshipper of the Wu Jian Council
  2494 | D:2      | Reached * piety under Wu Jian
  2495 | D:2      | Fell from the grace of Wu Jian
  2818 | D:3      | Noticed a +2 dire flail of speed
  2818 | D:3      | Noticed a +1 quarterstaff of speed
  2818 | D:3      | Noticed a +2 dire flail of flaming
  2887 | D:3      | Killed a +2 dire flail of flaming
  2973 | D:3      | Killed a +1 quarterstaff of speed
  3108 | D:3      | Noticed a +2 quarterstaff of flaming
  3108 | D:3      | Noticed a +3 glaive of speed
  3108 | D:3      | Noticed a +1 heavy rapier
  3115 | D:3      | Killed a +1 heavy rapier
  3115 | D:3      | Killed a +2 quarterstaff of flaming
  3117 | D:3      | Killed a +3 glaive of speed
  3316 | D:3      | Gained mutation: You are surrounded by a moderate repulsion
                  | field. (EV +3) [demonic ancestry]
  3316 | D:3      | Reached XP level 5. HP: 38/38 MP: 1/9
  3454 | D:3      | Found a shadowy altar of Dithmenos.
  3481 | D:3      | Killed a +2 dire flail of speed
  3540 | D:3      | Found a transporter.
  3858 | D:3      | Found a transporter.
  4299 | D:4      | Noticed a +1 great sword of flaming
  4299 | D:4      | Noticed a +2 quarterstaff of speed
  4299 | D:4      | Noticed a +2 dire flail of electrocution
  4302 | D:4      | Slain by a +2 quarterstaff of speed

Illustrated notes

Levels and vault maps discovered:
D:1:      sevenhm_arrival_forest_fort_small_3, layout_basic,
          nicolae_shop_vocational
D:2:      layout_basic, basic_altar, shapermc_ecumenical_altar_mp_vishouse,
          dreamdust_princess_bridge
D:3:      gammafunk_steamed_eel, layout_basic, grunt_dithmenos_smoke,
          mainiacjoe_overflow_catwalk_spiral, dk_noncrumbling_3
D:4:      minmay_razor_zed, layout_basic, okawaru_trees_2, due_unseen_surprise,
          uniq_crazy_yiuf_cottage

Skill      XL: |  1  2  3  4  5 |
---------------+----------------+-----
Stealth        | 2 3 |  3.0
Fighting       | 1 2 |  2.1
Dodging        | 2 |  2.3
Spellcasting   | 3 |  3.0
Conjurations   | |  4.7

Action                     |  1- 3 |  4- 6 || total
---------------------------+-------+-------++-------
  Melee: Unarmed           |    27 |       ||    27
         Short sword       |     7 |     9 ||    16
   Cast: Magic Dart        |    74 |    93 ||   167
         Searing Ray       |     1 |     3 ||     4
 Invoke: Renounce Religion |       |     1 ||     1
 Armour: Robe              |    31 |    14 ||    45
  Dodge: Dodged            |    38 |    12 ||    50

Table legend: (Time is in decaauts)
 A = Elapsed time spent in this place.
 B = Non-inter-level travel time spent in this place.
 C = Inter-level travel time spent in this place.
 D = Time resting spent in this place.
 E = Time spent auto-exploring this place.
 F = Levels seen in this place.
 G = Mean time per level.
                   A        B        C        D        E       F      G
               +--------+--------+--------+--------+--------+-----+--------+
         Total |   4306 |   4160 |    146 |    339 |   3338 |   4 | 1076.5 |
       Dungeon |   4306 |   4160 |    146 |    339 |   3338 |   4 | 1076.5 |
               +--------+--------+--------+--------+--------+-----+--------+

Top non-repeatable levels by time:
     D:2: 1750 daAuts
     D:3: 1306 daAuts
     D:1: 1158 daAuts
     D:4: 91 daAuts
